 Dungeon Crawl Stone Soup version 0.28-a0-938-gbc3f381ebc (webtiles) character file.

Game seed: 3143164965452824612

58 Hipnos the Vexing (level 3, 0/21 HPs)
             Began as a Deep Elf Arcane Marksman on Nov 28, 2021.
             Succumbed to an adder's poison
             ... on level 2 of the Dungeon.
             The game lasted 00:02:39 (1213 turns).

Hipnos the Vexing (Deep Elf Arcane Marksman)        Turns: 1213, Time: 00:02:40

Health: 0/21       AC:  2    Str:  7    XL:     3   Next: 76%
Magic:  7/7        EV: 13    Int: 17    God:
Gold:   7          SH:  0    Dex: 16    Spells: 4/5 levels left

rFire   . . .      SeeInvis .   a - +0 shortbow
rCold   . . .      Faith    .   (shield currently unavailable)
rNeg    . . .      Spirit   .   d - +0 robe
rPois   .          Reflect  .   (no helmet)
rElec   .          Harm     .   (no cloak)
rCorr   .          Rampage  .   (no gloves)
Will    .....                   (no boots)
Stlth   +.........              f - amulet of the acrobat
HPRegen 0.07/turn               (no ring)
MPRegen 0.10/turn               (no ring)

@: lethally poisoned (0 -> -7)
A: no striking features
a: no special abilities


You were on level 2 of the Dungeon.
You visited 1 branch of the dungeon, and saw 2 of its levels.

You collected 7 gold pieces.

Inventory:

Hand Weapons
 a - a +0 shortbow (weapon)
Missiles
 c - 2 arrows (quivered ammo)
Armour
 d - a +0 robe (worn)
Jewellery
 f - an amulet of the acrobat (around neck)
 h - a +4 ring of protection
Scrolls
 g - 2 scrolls of torment {unknown}
Potions
 b - a potion of curing {unknown}
 e - a potion of heal wounds {unknown}


   Skills:
 * Level 2.0 Fighting
 * Level 3.4 Bows
 + Level 2.6 Dodging
 + Level 1.6 Spellcasting
 + Level 4.8 Hexes


You had 4 spell levels left.
You knew the following spells:

 Your Spells              Type           Power      Damage    Failure   Level
a - Slow                  Hex            72%        N/A       2%          1

Your spell library contained the following spells:

 Spells                   Type           Power      Damage    Failure   Level
 Inner Flame              Hex/Fire       9%         N/A       22%         3
 Portal Projectile        Hex/Tloc       18%        N/A       22%         3
 Cause Fear               Hex            9%         N/A       26%         4


Dungeon Overview and Level Annotations

Branches:
Dungeon (2/15)

Altars:
Makhleb


Message History

You shoot an arrow. The arrow closely misses the adder.
The adder is no longer moving slowly.
The endoplasm barely misses you. The adder misses you.
The endoplasm misses you.
Fire: 7 arrows
Press: ? - help, Q - select action, (/) - cycle Shift-Dir - straight line, f/p - adder
Aim: an adder (almost dead, 44% to hit)
You shoot an arrow. The arrow barely misses the adder.
The adder barely misses you. The endoplasm misses you.
The adder completely misses you. The adder closely misses you.
The adder barely misses you.
Fire: 6 arrows
Press: ? - help, Q - select action, (/) - cycle Shift-Dir - straight line, f/p - adder
Aim: an adder (almost dead, 44% to hit)
You shoot an arrow. The arrow misses the adder.
The arrow hits the endoplasm.
The endoplasm is lightly wounded.
The adder barely misses you.
Fire: 5 arrows
Press: ? - help, Q - select action, (/) - cycle Shift-Dir - straight line, f/p - adder
Aim: an adder (almost dead, 44% to hit)
You shoot an arrow.
The arrow hits the adder but does no damage.
The adder is almost dead.
The adder closely misses you. x2
Fire: 4 arrows
Press: ? - help, Q - select action, (/) - cycle Shift-Dir - straight line, f/p - adder
Aim: an adder (almost dead, 44% to hit)
You shoot an arrow.
The arrow hits the adder but does no damage.
The adder is almost dead.
The adder bites you.
* * * LOW HITPOINT WARNING * * *
You are lethally poisoned!
The adder poisons you!
Fire: 3 arrows
Press: ? - help, Q - select action, (/) - cycle Shift-Dir - straight line, f/p - adder
Aim: an adder (almost dead, 44% to hit)
You shoot an arrow.
The arrow hits the adder but does no damage.
The adder is almost dead.
You die...

#..#### #..##.. ##.##.#
#.##.# #.##.# .# #
#.##.#######.# ...
#>#..#........
.....######.............
.......@SJ(..#.###.###.#
.......##.#..#.#.....# #
.....#. #.#..###.#.#.###
###. .. #.#..(.....(....
# ....$....###.#.#.###
##..##.##.#...#.#...#
......##.#.###.###.#
#..#####...........† .
### .########


You could see an adder and an endoplasm.

Vanquished Creatures
  2 adders (D:2)
  An adder zombie (D:2)
  A worm (D:2)
  3 bats (D:1)
  4 endoplasms
  2 giant cockroaches (D:1)
  A goblin (D:1)
  5 hobgoblins
  A kobold (D:1)
  A quokka (D:2)
  3 frilled lizards (D:1)
  2 giant cockroach zombies (D:2)
  7 rats
33 creatures vanquished.

Notes
Turn   | Place    | Note
-------+----------+-------------------------------------------
     0 | D:1      | Hipnos the Deep Elf Arcane Marksman began the quest for the
                  | Orb.
     0 | D:1      | Reached XP level 1. HP: 11/11 MP: 5/5
    62 | D:1      | Reached skill level 1 in Fighting
   105 | D:1      | Reached XP level 2. HP: 16/16 MP: 6/6
   361 | D:1      | Found a faded altar of an unknown god.
   704 | D:2      | Found a burning altar of Makhleb.
   787 | D:2      | Reached XP level 3. HP: 20/20 MP: 7/7
  1213 | D:2      | Succumbed to an adder's poison

Illustrated notes

Levels and vault maps discovered:
D:1:      kennysheep_arrival_seaside, layout_basic,
          hellmonk_ecumenical_altar_blasted
D:2:      layout_loops_ring, serial_undead, serial_undead_e, serial_undead_f,
          serial_undead_b, serial_undead_f, serial_undead_a, serial_undead_c,
          basic_altar, minmay_misc_feat_roman, columned_hall_lemuel,
          chequers_decorated_corner, nicolae_figureground_pulse

Skill      XL: |  1  2  3 |
---------------+----------+-----
Fighting       | 1 2 |  2.0
Bows           | 3 |  3.4
Dodging        | |  2.6
Spellcasting   | |  1.6
Hexes          | |  4.8

Action                   || total
-------------------------++-------
 Fire: Shortbow          ||   125
 Cast: Slow              ||     3
Armor: Robe              ||    11
Dodge: Dodged            ||    40

Table legend: (Time is in decaauts)
 A = Elapsed time spent in this place.
 B = Non-inter-level travel time spent in this place.
 C = Inter-level travel time spent in this place.
 D = Time resting spent in this place.
 E = Time spent auto-exploring this place.
 F = Levels seen in this place.
 G = Mean time per level.
                   A        B        C        D        E       F      G
               +--------+--------+--------+--------+--------+-----+--------+
         Total |   1233 |   1206 |     27 |      0 |    960 |   2 |  616.5 |
       Dungeon |   1233 |   1206 |     27 |      0 |    960 |   2 |  616.5 |
               +--------+--------+--------+--------+--------+-----+--------+

Top non-repeatable levels by time:
     D:1: 714 daAuts
     D:2: 519 daAuts
